 Dungeon Crawl Stone Soup version 0.18.1-50-g88ac8fd (webtiles) character file.

105 varam the Firebug (level 4, -3/24 HPs)
             Began as a Deep Elf Fire Elementalist on Oct 10, 2016.
             Slain by an orc wizard
             ... wielding a +0 dagger
              (6 damage)
             ... on level 2 of the Dungeon.
             The game lasted 00:10:26 (2535 turns).

varam the Firebug (Deep Elf Fire Elementalist)      Turns: 2535, Time: 00:10:27

Health: -3/24      AC:  2    Str:  5    XL:     4   Next: 53%
Magic:  4/12       EV: 13    Int: 26    God:
Gold:   52         SH:  0    Dex: 15    Spells: 4 memorised, 1 level left

rFire  . . .     SeeInvis .     o - +0 short sword
rCold  . . .     Gourm    .     a - +0 robe
rNeg   . . .     Faith    .     (no shield)
rPois  .         Spirit   .     (no helmet)
rElec  .         Dismiss  .     (no cloak)
rCorr  .         Reflect  .     (no gloves)
SustAt .         Harm     .     (no boots)
MR     .....                    (no amulet)
Stlth  ++........               (no ring)
                                m - +5 ring of intelligence

@: slowed, very slow, not resistant to hostile enchantments, unstealthy
A: no striking features
a: no special abilities


You were on level 2 of the Dungeon.
You were not hungry.

You visited 1 branch of the dungeon, and saw 3 of its levels.

You collected 52 gold pieces.

Inventory:

Hand Weapons
 o - a +0 short sword (weapon)
Armour
 a - a +0 robe (worn)
Jewellery
 m - a +5 ring of intelligence (left hand)
Scrolls
 d - 5 scrolls of identify {unknown}
 e - a scroll of enchant weapon {unknown}
 i - 2 scrolls of remove curse {unknown}
 j - a scroll of noise {unknown}
 p - a scroll of teleportation {unknown}
 q - a scroll of enchant armour {unknown}
Potions
 f - a potion of heal wounds {unknown}
 g - 2 potions of curing {unknown}
 k - a potion of mutation {unknown}
 l - a potion of berserk rage {unknown}
Books
 b - a book of Flames

   Spells                             Type                      Level
   a - Flame Tongue                   Conjuration/Fire             1
   b - Throw Flame                    Conjuration/Fire             2
   c - Conjure Flame                  Conjuration/Fire             3
   d - Inner Flame                    Hexes/Fire                   3
   e - Sticky Flame                   Conjuration/Fire             4
   f - Fireball                       Conjuration/Fire             5
Comestibles
 h - a beef jerky
 n - 9 fruits


   Skills:
 - Level 2.4 Dodging
 - Level 2.4 Stealth
 + Level 4.0 Spellcasting
 * Level 3.2 Conjurations
 + Level 4.3 Fire Magic


You had one spell level left.
You knew the following spells:

 Your Spells              Type           Power        Failure   Level  Hunger
a - Flame Tongue          Conj/Fire      ####.        1%          1    None
b - Conjure Flame         Conj/Fire      ####....     8%          3    ##.....
c - Throw Flame           Conj/Fire      ####..       2%          2    None
d - Sticky Flame          Conj/Fire      ####....     21%         4    ####...


Dungeon Overview and Level Annotations

Branches:
Dungeon (3/15)

Altars:


Message History

Press: ? - help, Shift-Dir - straight line, f/p - orc wizard
Aim: an orc wizard, wielding a dagger and wearing a robe (moderately wounded, fast)
The flame tongue hits the orc wizard.
The orc wizard appears unharmed.
The orc wizard is moderately wounded.
The orc wizard gestures at you while chanting.
The magic dart hits you!
The orc wizard gestures wildly while chanting.
The orc wizard blinks!
Casting: Flame Tongue
Confirm with . or Enter, or press ? or * to list all spells.
You don't know that spell.
There isn't anything here!
Unknown command.
The orc wizard casts a spell at you. The magic dart hits you!
The orc wizard points at you and mumbles some strange words.
The magic dart hits you!
* * * LOW HITPOINT WARNING * * *
The orc wizard hits you with a dagger.
You die...

.................................
#####.....######..#..............
##......#####.#..............
##..##....##................ ###
##..#####.###...............
..####...# #..##.##.#.####.####
...#.....# ##.##.##.#.####.....
.....##.## #..#...........####
.....##.########@)......####.###.
...............o>........###.##..
.....#...>......###........#.##>.
........###########.....##...##..
.....##.#######..................
.....##......#..####.............
.....##.................#######..
#######........########## #..
#......### ##.


You could see an orc wizard.

Vanquished Creatures
  4 adders
  An ooze (D:1)
  A worm (D:3)
  2 dart slugs (D:2)
  An orc (D:2)
  A giant cockroach (D:3)
  8 goblins
  11 hobgoblins
  2 jackals (D:2)
  9 bats
  A giant newt (D:2)
  7 kobolds
  6 rats
54 creatures vanquished.

Notes
Turn   | Place    | Note
--------------------------------------------------------------
     0 | D:1      | varam the Deep Elf Fire Elementalist began the quest for the Orb.
     0 | D:1      | Reached XP level 1. HP: 10/10 MP: 6/6
   387 | D:1      | Reached XP level 2. HP: 15/15 MP: 6/8
   397 | D:1      | Learned a level 2 spell: Throw Flame
   874 | D:1      | Reached XP level 3. HP: 18/19 MP: 7/10
  1228 | D:2      | Learned a level 3 spell: Conjure Flame
  1634 | D:2      | Reached XP level 4. HP: 24/24 MP: 1/11
  1658 | D:2      | Learned a level 4 spell: Sticky Flame
  2535 | D:2      | Slain by an orc wizard

Skill      XL: |  1  2  3  4 |
---------------+-------------+-----
Conjurations   | 2 3 |  3.2
Fire Magic     | 4 |  4.3
Spellcasting   | 4 |  4.0
Dodging        | |  2.4
Stealth        | |  2.4

Action                   |  1- 3 |  4- 6 || total
-------------------------+-------+-------++-------
Melee: Club              |     1 |       ||     1
       Short sword       |     1 |       ||     1
 Cast: Flame Tongue      |    50 |     7 ||    57
       Throw Flame       |    19 |    20 ||    39
  Eat: Chunk             |     2 |     2 ||     4
       Bread ration      |       |     1 ||     1
Armor: Robe              |     9 |       ||     9
Dodge: Dodged            |    15 |     6 ||    21
